 Dungeon Crawl Stone Soup version 0.28.0-53-g5a82cb258f (webtiles) character file.

Game seed: 11902270773623385912

1015 mortz the Magician (level 8, -2/50 HPs)
             Began as a Djinni Conjurer on July 16, 2022.
             Slain by a large abomination (22 damage)
             ... on level 1 of the Abyss on July 17, 2022.
             The game lasted 00:36:51 (7537 turns).

mortz the Magician (Djinni Conjurer)                Turns: 7537, Time: 00:36:52

Health: -2/50      AC:  8    Str:  6    XL:     8   Next: 45%
Gold:   399        EV: 11    Int: 23    God:
                   SH:  0    Dex: 11

rFire   + + .      SeeInvis .   b - +1 short sword (vamp) {short}
rCold   x . .      Faith    .   (no shield)
rNeg    . . .      Spirit   .   i - +0 leather armour
rPois   ∞          Reflect  .   s - +1 helmet
rElec   .          Harm     .   m - +0 cloak
rCorr   +          Rampage  .   k - +1 pair of gloves
Will    .....                   (boots unavailable)
Stlth   ++........              (no amulet)
HPRegen 0.16/turn               l - ring of resist corrosion
MPRegen 0.00/turn               (no ring)

@: about to teleport, flying
A: sickness immunity, fire resistance 2, cold vulnerability 1, float, innate
caster, HP casting, extra vitality 1
a: no special abilities


You were on level 1 of the Abyss.
You visited 2 branches of the dungeon, and saw 6 of its levels.
You visited the Abyss 1 time.

You collected 399 gold pieces.


Innate Abilities, Weirdness & Mutations

You are immune to sickness and miasma.
You are immune to poison.
Your flesh is very heat resistant. (rF++)
You are vulnerable to cold. (rC-)
You float through the air rather than walking.
You learn spells naturally, not from books.
Your magical power is your life essence.
You have superior vitality. (+4 MHP)


   Skills:
 + Level 2.9 Armour
 + Level 2.9 Dodging
 * Level 4.1 Stealth
 + Level 6.5 Spellcasting


You couldn't memorise any spells.
You knew the following spells:

 Your Spells              Type           Power      Damage    Failure   Level
a - Magic Dart            Conj           100%       1d8       1%          1
b - Searing Ray           Conj           74%        2d7       1%          2
c - Dazzling Flash        Conj/Hex       74%        N/A       2%          3
d - Fulminant Prism       Conj/Hex       18%        3d11      9%          4
e - Iskenderun's Mystic   Conj/Tloc      37%        2d9       9%          4
f - Apportation           Tloc           74%        N/A       1%          1
g - Static Discharge      Conj/Air       37%        N/A       1%          2
h - Swiftness             Air            37%        N/A       2%          3
Your spell library was empty.

Inventory:

Hand Weapons
 b - a +1 vampiric short sword (weapon) {short}
   (You took it off a kobold on level 3 of the Dungeon)
 c - a +0 short sword {short}
   (You took it off an orc on level 3 of the Dungeon)
 d - a +0 club {mace}
   (You took it off a goblin on level 1 of the Dungeon)
 j - a +0 dagger {short}
   (You took it off a goblin on level 3 of the Dungeon)
 r - a +0 spear {polearm}
   (You found it on level 2 of the Dungeon)
Armour
 e - a +0 robe
 i - a +0 leather armour (worn)
   (You found it on level 2 of the Dungeon)
 k - a +1 pair of gloves (worn)
   (You found it on level 4 of the Dungeon)
 m - a +0 cloak (worn)
   (You found it on level 3 of the Dungeon)
 s - a +1 helmet (worn)
   (You found it on level 2 of the Dungeon)
Magical Staves
 a - a staff of conjuration {!a@e2staff}
   (You found it on level 3 of the Dungeon)
Jewellery
 l - a ring of resist corrosion (left hand)
   (You took it off a goblin on level 3 of the Dungeon)
 p - an amulet of faith {!P}
   (You found it on level 4 of the Dungeon)
Scrolls
 f - 5 scrolls of teleportation {@r4}
 n - 4 scrolls of identify {@r1}
 q - a scroll of torment {unknown}
 v - a scroll of fear
Potions
 g - 2 potions of attraction {!q}
 h - 2 potions of mutation {!q}
 o - 6 potions of curing {@q1}
 t - a potion of cancellation {unknown}
 u - 2 potions of might {unknown}

Dungeon Overview and Level Annotations

Branches:
Dungeon (5/15)             Temple (1/1) D:5

Altars:
Dithmenos
Elyvilon
Fedhas
Gozag
Hepliaklqana
Okawaru
Qazlal
Ru
Trog
Uskayaw
Vehumet
Xom
Yredelemnul
Zin
The Shining One
Lugonu

Portals:
Abyss: D:5

.. .# ..# .
#... ..#.# ..#
#. . .###...#
#. .. . ###
#.. #... .. #.
.#. . .######
#. . . ## #.#
.# ## ..# .
... .###.#.X.
## ### #.#@X#
...# .# #
####.#.#...# #
#.#####.#.##.#
# # #....... #
. #.
.#...##.## .
#.#.. .## # #
##.##. # #.#
## .. .# #. .


You could see a large abomination.


Message History

There is an open door here.
You reach down and open the door.
Found a radiant altar of Vehumet.
There is an open door here.
There is a radiant altar of Vehumet here.
You hover solemnly before the altar of Vehumet.
Vehumet does not accept worship from those such as you!
Search for what [? for help]? mahk Can't find anything matching that.
Search for what [Enter for "mahk", or ? for help]? leb Can't find anything matching that.
Search for what [Enter for "leb", or ? for help]? met
There is an open door here.
You reach down and open the door.
Found a sacrificial altar of Ru.
There is an open door here.
Done exploring.
Done exploring.
Search for what [Enter for "met", or ? for help]? makhleb Can't find anything matching that.
There is an open door here.
Search for what [Enter for "makhleb", or ? for help]? mak Can't find anything matching that.
There is an open door here.
There is a staircase back to the Dungeon here.
You fly upwards.
Welcome back to the Dungeon!
Level annotation: 2 runed translucent doors
There is a staircase to the Ecumenical Temple here.
o - 6 potions of curing {@q1} (gained 1)
You see here an amulet of faith {!P}.
You see here a +0 hunting sling {sling}.
Found a one-way gate to the infinite horrors of the Abyss.
You now have 387 gold pieces (gained 5).
You now have 399 gold pieces (gained 12).
There is a stone staircase leading down here.
Found a corrupted altar of Lugonu.
The kobold shouts!
You reach down and open the large door.
Casting: Searing Ray (safe; 1% risk of failure)
Confirm with . or Enter, or press ? or * to list all spells.
Aiming: Searing Ray (safe; 1% risk of failure)
Press: ? - help, Shift-Dir - straight line, f - kobold
Aim: a kobold, wielding a +0 whip of distortion (79% to hit)
You feel a surge of power!
The searing ray hits the kobold.
The searing ray hits the kobold!
You kill the kobold! (Press . to maintain the ray.)
The kobold hits you but does no damage.
You are cast into the Abyss!
This branch contains the abyssal rune of Zot. 😕 HP[-2]
You take 2 damage, and now have 48/50 hp. 😕 HP[+1]
There is an open translucent door here.
You can't go up here! 😎 HP[+1]
Your hp is fully restored (50).
A wretched star comes into view.
A small abomination comes into view.
A large abomination comes into view.
Casting: Searing Ray (safe; 1% risk of failure)
Confirm with . or Enter, or press ? or * to list all spells.
Okay, then.
You can't see any enemies this would affect, really read the scroll of fear?
Okay, then.
As you read the scroll of teleportation {@r4}, it crumbles to dust.
You feel strangely unstable.
You feel the power of the Abyss delaying your translocation!
The large abomination barely misses you.
Casting: Searing Ray (safe; 1% risk of failure)
Confirm with . or Enter, or press ? or * to list all spells.
Aiming: Searing Ray (safe; 1% risk of failure)
Press: ? - help, Shift-Dir - straight line, f - large abomination
Aim: a large abomination (94% to hit)
You feel a surge of power!
The searing ray hits the large abomination. (Press . to maintain the ray.)
The large abomination barely misses you. 😕 HP[-2]
You take 2 damage, and now have 48/50 hp.
The searing ray hits the large abomination.
The large abomination hits you!!
Ouch! That really hurt!
* * * LOW HITPOINT WARNING * * *
😨 HP[-29]
You take 29 damage, and now have 19/50 hp.
MASSIVE DAMAGE!! (PAUSE)
A large abomination is nearby!
You feel a sense of dread.
b - a +1 vampiric short sword (weapon)
{short} The large abomination hits you but does no damage.
You hit the large abomination.
The large abomination barely misses you. 😨 HP[+1]
You hit the large abomination but do no damage.
The large abomination closely misses you.
You hit the large abomination but do no damage.
The large abomination misses you.
You hit the large abomination. The large abomination hits you!!
You die...

Skill      XL: |  1  2  3  4  5  6  7  8 |
---------------+-------------------------+-----
Spellcasting   | 4 5 6 |  6.5
Stealth        | 2 3 4 |  4.1
Armour         | 2 |  2.9
Dodging        | |  2.9

Action                   |  1- 3 |  4- 6 |  7- 9 || total
-------------------------+-------+-------+-------++-------
Melee: Club              |     1 |       |       ||     1
       Short sword       |       |       |     4 ||     4
 Cast: Magic Dart        |    53 |    89 |    16 ||   158
       Searing Ray       |     7 |    27 |    13 ||    47
  Use: Scroll            |       |     8 |     5 ||    13
Armor: Leather armour    |       |     1 |     8 ||     9
Dodge: Dodged            |     5 |     3 |    12 ||    20

Levels and vault maps discovered:
D:1:      eino_arrival_druids_welcome, layout_basic
D:2:      layout_rooms, basic_altar, st_stairs_3, minmay_split_cup_small,
          uniq_robin, uniq_natasha
D:3:      layout_loops_ring, mainiacjoe_overflow_six_doors_small, st_stairs_12
D:4:      layout_basic, skrybe_limestone_x, chequers_big_river, minmay_circle_x
D:5:      due_chaos_kobolds, layout_loops_ring, general_overflow_altar,
          minmay_temple_entry_wispy, uniq_menkaure
Temple:   nicolae_temple_figure_eight
Abyss:1:  base:
D:2

Notes
Turn   | Place    | Note
-------+----------+-------------------------------------------
     0 | D:1      | mortz the Djinni Conjurer began the quest for the Orb.
     0 | D:1      | Reached XP level 1. HP: 15/15 MP: 0/0
     0 | D:1      | magus.rc [v1.9.6]
   414 | D:1      | Reached XP level 2. HP: 16/21 MP: 0/0
   815 | D:1      | You are sucked into a shaft and drop 1 floor!
   904 | D:2      | Reached XP level 3. HP: 20/25 MP: 0/0
   904 | D:2      | Learned a level 1 spell: Apportation
   914 | D:2      | Noticed Robin
  1551 | D:3      | Reached skill level 4 in Spellcasting
  1868 | D:2      | Reached XP level 4. HP: 28/31 MP: 0/0
  2028 | D:2      | Reached skill level 2 in Stealth
  2533 | D:2      | Noticed Natasha
  2965 | D:2      | Reached XP level 5. HP: 30/35 MP: 0/0
  2965 | D:2      | Learned a level 2 spell: Static Discharge
  3027 | D:2      | Killed Natasha
  3156 | D:2      | Killed Robin
  3239 | D:2      | Noticed Natasha
  3243 | D:2      | Killed Natasha
  3384 | D:2      | Reached XP level 6. HP: 35/40 MP: 0/0
  3543 | D:2      | Found a glowing silver altar of Zin.
  3577 | D:2      | Noticed Natasha
  3585 | D:2      | Killed Natasha
  3586 | D:2      | Reached skill level 5 in Spellcasting
  4268 | D:3      | Found a hazy altar of Hepliaklqana.
  4613 | D:4      | Noticed a sky beast
  4621 | D:4      | Killed a sky beast
  4622 | D:4      | Reached skill level 3 in Stealth
  4857 | D:4      | magus.rc [v1.9.6]
  4912 | D:4      | Noticed a black bear
  5134 | D:4      | Reached XP level 7. HP: 35/45 MP: 0/0
  5134 | D:4      | Learned a level 3 spell: Swiftness
  5137 | D:4      | Reached skill level 1 in Armour
  5230 | D:4      | Noticed a water moccasin
  5243 | D:4      | Killed a water moccasin
  5244 | D:4      | Reached skill level 6 in Spellcasting
  5962 | D:5      | Entered Level 5 of the Dungeon
  6044 | D:5      | Reached skill level 2 in Armour
  6044 | D:5      | Reached XP level 8. HP: 46/50 MP: 0/0
  6083 | D:5      | Found a shadowy altar of Dithmenos.
  6120 | D:5      | Found a large runed translucent door.
  6120 | D:5      | Found a large runed translucent door.
  6334 | D:5      | Noticed Menkaure
  6362 | D:5      | Killed Menkaure
  6363 | D:5      | Reached skill level 4 in Stealth
  6824 | D:5      | Found a staircase to the Ecumenical Temple.
  6831 | Temple   | Entered the Ecumenical Temple
  7175 | D:5      | Found a one-way gate to the infinite horrors of the Abyss.
  7440 | D:5      | Found a corrupted altar of Lugonu.
  7451 | D:5      | You are cast into the Abyss!
  7451 | D:5      | Cast into level 1 of the Abyss (kobold)
  7506 | Abyss:1  | Noticed a wretched star
  7518 | Abyss:1  | Noticed a small abomination
  7520 | Abyss:1  | Noticed a large abomination
  7537 | Abyss:1  | Slain by a large abomination

Vanquished Creatures
  Menkaure (D:5)
  A water moccasin (D:4)
  An ice beast (D:5)
  A sky beast (D:4)
  A black bear (D:4)
  A scorpion (D:4)
  3 hounds
  A jelly (D:5)
  Natasha (thrice) (D:2)
  A bullfrog skeleton (D:5)
  2 iguanas (D:4)
  A hound zombie (D:5)
  Robin (D:2)
  5 adders
  3 worms
  3 dart slugs
  5 orcs
  13 endoplasms
  3 giant cockroaches
  14 goblins
  10 hobgoblins
  6 jackals (D:1)
  2 quokkas
  5 ball pythons
  5 bats
  A frilled lizard (D:1)
  8 kobolds
  9 rats
110 creatures vanquished.

Vanquished Creatures (others)
  6 plants (D:4)
6 creatures vanquished.

Grand Total: 116 creatures vanquished

Table legend:
 A = Non-vault XP
 B = Vault XP
 C = Vault XP percentage of total XP
 D = Non-vault monster count
 E = Vault monster count
 F = Vault count percentage of total count
                 A         B        C        D         E       F
            +---------+---------+-------+---------+---------+-------
      Total |     894 |     558 |  38.4 |      78 |      32 |  29.1
            +---------+---------+-------+---------+---------+-------
        D:1 |      40 |       0 |   0.0 |      22 |       0 |   0.0
        D:2 |     162 |      82 |  33.6 |      17 |      18 |  51.4
        D:3 |      57 |       4 |   6.6 |      21 |       3 |  12.5
        D:4 |     362 |     287 |  44.2 |      13 |       9 |  40.9
        D:5 |     273 |     185 |  40.4 |       5 |       2 |  28.6
            +---------+---------+-------+---------+---------+-------

Illustrated notes

Table legend:
 A = Kills in this place as a percentage of kills in entire the game.
 B = Kills by you in this place as a percentage of kills by you in the entire game.
 C = Kills by friends in this place as a percentage of kills by friends in the entire game.
 D = Other kills in this place as a percentage of other kills in the entire game.
 E = Experience gained in this place as a percentage of experience gained in the entire game.
 F = Experience gained in this place divided by the number of levels of this place that you have seen.
                   A       B       C       D       E      F
               +-------+-------+-------+-------+-------+----------------------
         Total | 100.0 | 100.0 |   N/A |   N/A | 100.0 | 207.4
       Dungeon | 100.0 | 100.0 |   N/A |   N/A | 100.0 | 290.4
               +-------+-------+-------+-------+-------+----------------------

Table legend: (Time is in decaauts)
 A = Elapsed time spent in this place.
 B = Non-inter-level travel time spent in this place.
 C = Inter-level travel time spent in this place.
 D = Time resting spent in this place.
 E = Time spent auto-exploring this place.
 F = Levels seen in this place.
 G = Mean time per level.
                   A        B        C        D        E       F      G
               +--------+--------+--------+--------+--------+-----+--------+
         Total |   7559 |   7149 |    410 |   1378 |   4729 |   7 | 1079.9 |
       Dungeon |   7253 |   6861 |    392 |   1378 |   4533 |   5 | 1450.6 |
        Temple |    220 |    202 |     18 |      0 |    196 |   1 |  220.0 |
         Abyss |     85 |     85 |      0 |      0 |      0 |   1 |   85.0 |
               +--------+--------+--------+--------+--------+-----+--------+

Top non-repeatable levels by time:
     D:1: 1786 daAuts
     D:4: 1570 daAuts
     D:3: 1543 daAuts
     D:5: 1196 daAuts
     D:2: 1157 daAuts
  Temple: 220 daAuts
 Abyss:1: 85 daAuts
